 Dungeon Crawl Stone Soup version 0.28-a0-477-g0b43c73ce0 (webtiles) character file.

Game seed: 17052608293290760539

1621 Dabor the Ruffian (level 8, -5/83 HPs)
             Began as a Troll Berserker on Sept 17, 2021.
             Was an Elder of Trog.
             Slain by an ogre (18 damage)
             ... on level 6 of the Dungeon.
             The game lasted 00:06:57 (3845 turns).

Dabor the Ruffian (Troll Berserker)                 Turns: 3845, Time: 00:06:58

Health: -5/83      AC:  4    Str: 26    XL:     8   Next: 64%
Magic:  7/7        EV: 11    Int:  3    God:    Trog [****..]
Gold:   143        SH:  0    Dex: 11    Spells: 7/7 levels left

rFire   . . .      SeeInvis .     - Unarmed
rCold   + . .      Faith    .   (no shield)
rNeg    . . .      Spirit   .   a - +0 animal skin
rPois   .          Reflect  .   (helmet restricted)
rElec   .          Harm     .   (no cloak)
rCorr   .          Rampage  .   (gloves unavailable)
Will    ++...                   (boots unavailable)
Stlth   +.........              (no amulet)
HPRegen 2.23/turn               k - ring of protection from cold
MPRegen 0.10/turn               (no ring)

@: strong-willed (expiring), on berserk cooldown, regenerating (expiring),
slowed, very slow
A: large, unfitting armour, claws 3, regeneration 1, shaggy fur 1, tough skin 1
a: Renounce Religion, Berserk, Trog's Hand, Brothers in Arms


You were on level 6 of the Dungeon.
You worshipped Trog.
Trog was greatly pleased with you.
You visited 1 branch of the dungeon, and saw 6 of its levels.

You collected 143 gold pieces.

Inventory:

Missiles
 h - 5 curare-tipped darts (quivered)
 n - 5 poisoned darts
Armour
 a - a +0 animal skin (worn)
Jewellery
 i - a ring of fire
 k - a ring of protection from cold (left claw)
Scrolls
 d - 2 scrolls of teleportation
 e - 3 scrolls of identify
 g - a scroll of blinking
 o - a scroll of fear
Potions
 b - a potion of might {unknown}
 c - a potion of attraction {unknown}
 f - a potion of mutation
 l - a potion of flight {unknown}
 m - 2 potions of cancellation {unknown}
 p - a potion of degeneration {unknown}


   Skills:
 + Level 5.8 Fighting
 + Level 5.8 Dodging
 + Level 7.0 Unarmed Combat


You had 7 spell levels left.
You didn't know any spells.
Your spell library was empty.

Dungeon Overview and Level Annotations

Branches:
Dungeon (6/15)
 Temple: D:4-7

Altars:
Fedhas
Gozag
Hepliaklqana
Kikubaaqudgha
Okawaru
Qazlal
Uskayaw
Vehumet
Wu Jian


Innate Abilities, Weirdness & Mutations

You are too large for most types of armour.
You have claws for hands.
Your natural rate of healing is unusually fast.
You are covered in fur. (AC +1)
You have tough skin. (AC +1)


Message History

Trog accepts your kill.
You are no longer berserk.
You are exhausted.
You feel yourself slow down. Something hits you!
Items here: )) [ ††††.
Something hits you.
* * * LOW HITPOINT WARNING * * *
An ogre comes into view. It is wielding a +0 giant club.
Something hits you.
* * * LOW HITPOINT WARNING * * *
The ogre shouts!
You claw something! Something hits you but does no damage.
You mangle something!! Something hits you!
* * * LOW HITPOINT WARNING * * *
You mangle something!! Trog accepts your kill.
Trog appreciates your killing of a magic user.
Reactivating autopickup.
You feel a bit more experienced. The ogre barely misses you.
Your Unarmed Combat skill increases to level 7!
Things that are here:
a +0 scythe; a +0 robe; the human corpse of Sigmund
Okay, then.
The ogre hits you with a +0 giant club.
* * * LOW HITPOINT WARNING * * *
The ogre hits you with a +0 giant club.
* * * LOW HITPOINT WARNING * * *
The ogre hits you with a +0 giant club!!
* * * LOW HITPOINT WARNING * * *
You feel better. The ogre hits you with a +0 giant club!
* * * LOW HITPOINT WARNING * * *
You feel better. The ogre completely misses you.
Your skin crawls.
You feel strong-willed. The ogre hits you with a +0 giant club!
* * * LOW HITPOINT WARNING * * *
The ogre barely misses you.
You feel the effects of Trog's Hand fading.
The ogre hits you with a +0 giant club!!
You die...

#.. #...# ... #...# ...###
#...# .....### #######...#
##.....###.....#...#
........##........##
##.##.)........#..# #..
#)###......#.####### #.
#.)##......O@....).. #.#
##....#####.#####... #.#
###..#####.### #.# #.#
#..........# #.# ..#
...........# #.# .#
#.##........###.#
.#####..##..........#.####
..>......................#
.####.####>...#####......#


You could see an ogre.

Vanquished Creatures
  Sigmund (D:6)
  Edmund (D:5)
  A water moccasin (D:5)
  An orc warrior (D:6)
  An ice beast (D:6)
  2 ogres (D:5)
  A phantom (D:6)
  A kobold brigand (D:5)
  3 scorpions
  2 water moccasin skeletons (D:5)
  A centaur zombie (D:5)
  A hound (D:6)
  2 orc priests
  A centaur skeleton (D:4)
  An iguana (D:4)
  An orc wizard (D:4)
  A scorpion zombie (D:5)
  A killer bee zombie (D:6)
  A hound zombie (D:5)
  3 gnolls (D:3)
  4 adders
  A white imp (D:5)
  An ufetubus (D:6)
  2 worms
  5 dart slugs
  11 orcs
  5 ball pythons
  5 bats
  7 endoplasms
  7 giant cockroaches
  6 goblins
  9 hobgoblins
  5 jackals (D:2)
  12 kobolds
  5 quokkas
  4 frilled lizards
  A jackal skeleton (D:4)
  3 rats
120 creatures vanquished.

Vanquished Creatures (others)
  An orc wizard (D:4)
1 creature vanquished.

Grand Total: 121 creatures vanquished

Notes
Turn   | Place    | Note
-------+----------+-------------------------------------------
     0 | D:1      | Dabor the Troll Berserker began the quest for the Orb.
     0 | D:1      | Reached XP level 1. HP: 22/22 MP: 0/0
    48 | D:1      | Reached XP level 2. HP: 29/29 MP: 1/1
   201 | D:1      | Found a faded altar of an unknown god.
   754 | D:2      | Reached XP level 3. HP: 29/36 MP: 2/2
   862 | D:2      | Reached ** piety under Trog
  1299 | D:2      | Reached XP level 4. HP: 45/45 MP: 3/3
  1567 | D:3      | Reached skill level 4 in Unarmed Combat
  1810 | D:3      | Reached *** piety under Trog
  1968 | D:3      | Reached XP level 5. HP: 53/53 MP: 4/4
  2537 | D:4      | Found an opulent altar of Gozag.
  2753 | D:4      | Reached XP level 6. HP: 54/62 MP: 5/5
  2971 | D:5      | Entered Level 5 of the Dungeon
  2971 | D:5      | Found a blossoming altar of Fedhas.
  3045 | D:5      | Noticed a water moccasin
  3059 | D:5      | Killed a water moccasin
  3108 | D:5      | Noticed Edmund
  3117 | D:5      | Killed Edmund
  3118 | D:5      | Reached skill level 5 in Unarmed Combat
  3131 | D:5      | Found an ornate altar of the Wu Jian Council.
  3184 | D:5      | Reached XP level 7. HP: 70/70 MP: 6/6
  3471 | D:5      | Reached **** piety under Trog
  3563 | D:5      | Reached skill level 5 in Fighting
  3563 | D:5      | Reached skill level 5 in Dodging
  3563 | D:5      | Reached skill level 6 in Unarmed Combat
  3669 | D:6      | Found a hide-covered altar of Uskayaw.
  3669 | D:6      | Found a radiant altar of Vehumet.
  3669 | D:6      | Found a stormy altar of Qazlal.
  3669 | D:6      | Found an ancient bone altar of Kikubaaqudgha.
  3677 | D:6      | Found a hazy altar of Hepliaklqana.
  3680 | D:6      | Found an iron altar of Okawaru.
  3690 | D:6      | Reached XP level 8. HP: 69/80 MP: 7/7
  3791 | D:6      | Noticed Sigmund
  3831 | D:6      | Killed Sigmund
  3832 | D:6      | Reached skill level 7 in Unarmed Combat
  3840 | D:6      | HP: 2/83 [ogre (12)]
  3845 | D:6      | Slain by an ogre

Illustrated notes

Levels and vault maps discovered:
D:1:      minmay_arrival_hallway, layout_basic,
          hellmonk_ecumenical_altar_crossroads, chequers_serial_rivers_micro_e,
          minmay_misc_feat_room, minmay_heptomino_o4
D:2:      layout_loops_corners, chequers_serial_rivers_micro_d, st_stairs_13,
          minmay_worlds_worst_comb
D:3:      layout_basic
D:4:      layout_loops_ring, lemuel_coloured_pillars_altar
D:5:      layout_loops_ring, overflow_temple_1_default,
          mainiacjoe_overflow_surrounded_room, uniq_edmund
D:6:      layout_rooms, minmay_overflow_temple_hex, kennysheep_generic_room_13,
          uniq_sigmund

Skill      XL: |  1  2  3  4  5  6  7  8 |
---------------+-------------------------+-----
Dodging        | 3 4 5 |  5.8
Fighting       | 3 4 5 |  5.8
Unarmed Combat | 4 5 6 7 |  7.0

Action                   |  1- 3 |  4- 6 |  7- 9 || total
-------------------------+-------+-------+-------++-------
Melee: Unarmed           |    91 |   146 |    93 ||   330
       Punch             |     1 |     4 |     3 ||     8
Invok: Berserk           |     1 |     3 |     1 ||     5
       Trog's Hand       |       |     1 |     1 ||     2
  Use: Scroll            |       |     7 |       ||     7
       Potion            |       |       |     2 ||     2
 Stab: Sleeping          |     1 |       |     1 ||     2
Armor: Animal skin       |    47 |    40 |    17 ||   104
Dodge: Dodged            |    40 |    58 |    45 ||   143

Table legend: (Time is in decaauts)
 A = Elapsed time spent in this place.
 B = Non-inter-level travel time spent in this place.
 C = Inter-level travel time spent in this place.
 D = Time resting spent in this place.
 E = Time spent auto-exploring this place.
 F = Levels seen in this place.
 G = Mean time per level.
                   A        B        C        D        E       F      G
               +--------+--------+--------+--------+--------+-----+--------+
         Total |   3858 |   3651 |    207 |    157 |   2710 |   6 |  643.0 |
       Dungeon |   3858 |   3651 |    207 |    157 |   2710 |   6 |  643.0 |
               +--------+--------+--------+--------+--------+-----+--------+

Top non-repeatable levels by time:
     D:2: 907 daAuts
     D:4: 753 daAuts
     D:5: 682 daAuts
     D:3: 665 daAuts
     D:1: 649 daAuts
     D:6: 200 daAuts
